 Dungeon Sprint DCSS version 0.29-a0-72-g1732ff48e7 (webtiles) character file.

Game seed: 6275120345799883202

172 SmokeWeed the Shield-Bearer (level 5, 0/48 HPs)
             Began as a Gnoll Fighter on Feb 4, 2022.
             Slain by a scorpion (8 damage)
             ... in the Dungeon (Sprint IX: "|||||||||||||||||||||||||||||").
             The game lasted 00:00:37 (45 turns).

SmokeWeed the Shield-Bearer (Gnoll Fighter)           Turns: 45, Time: 00:00:37

Health: 0/48       AC:  8    Str: 17    XL:     5   Next: 52%
Magic:  5/10       EV: 10    Int:  8    God:
Gold:   0          SH:  5    Dex: 11    Spells: 11/11 levels left

rFire   . . .      SeeInvis .   a - +0 long sword
rCold   . . .      Faith    .   c - +0 buckler
rNeg    . . .      Spirit   .   b - +0 scale mail
rPois   .          Reflect  .   (no helmet)
rElec   .          Harm     .   (no cloak)
rCorr   .          Rampage  .   (no gloves)
Will    .....      NoTele   +   (no boots)
Stlth   +.........              (no amulet)
HPRegen 0.16/turn               (no ring)
MPRegen 0.12/turn               (no ring)

@: lethally poisoned (0 -> -1), on berserk cooldown, slowed, very slow
A: fangs 1, strong nose, distributed training
a: no special abilities


You were in the Dungeon.
You visited 1 branch

Inventory:

Hand Weapons
 a - a +0 long sword (weapon)
Armour
 b - a +0 scale mail (worn)
 c - a +0 buckler (worn)
Scrolls
 j - a scroll of blinking
Potions
 d - a potion of might
 e - a potion of curing
 f - a potion of heal wounds
 g - a potion of haste
 h - 2 potions of magic


   Skills:
 + Level 7.5 Fighting
 + Level 3.6 Short Blades
 + Level 5.9 Long Blades
 + Level 3.6 Axes
 + Level 3.6 Maces & Flails
 + Level 3.6 Polearms
 + Level 3.6 Staves
 + Level 3.6 Slings
 + Level 3.6 Bows
 + Level 3.6 Crossbows
 + Level 3.6 Throwing
 + Level 7.5 Armour
 + Level 3.6 Dodging
 + Level 3.6 Stealth
 + Level 7.5 Shields
 + Level 3.6 Unarmed Combat
 + Level 3.6 Spellcasting
 + Level 3.0 Conjurations
 + Level 3.0 Hexes
 + Level 3.0 Summonings
 + Level 3.0 Necromancy
 + Level 3.0 Translocations
 + Level 3.0 Transmutations
 + Level 3.0 Fire Magic
 + Level 3.0 Ice Magic
 + Level 3.0 Air Magic
 + Level 3.0 Earth Magic
 + Level 3.0 Poison Magic
 + Level 4.0 Invocations
 + Level 3.6 Evocations


You had 11 spell levels left.
You didn't know any spells.
Your spell library was empty.

Dungeon Overview and Level Annotations

Branches:
Dungeon (1/1)

Altars:


Innate Abilities, Weirdness & Mutations

You have very sharp teeth.
Your uncanny sense of smell can sniff out nearby items.
Your experience applies equally to all skills.


Message History

Your Transmutations skill increases to level 3!
Your Fire Magic skill increases to level 3!
Your Ice Magic skill increases to level 3!
Your Air Magic skill increases to level 3!
Your Earth Magic skill increases to level 3!
Your Poison Magic skill increases to level 3!
Your Invocations skill increases to level 4!
The scorpion stings you.
There is an open door, spattered with blood here.
Things that are here:
a hound corpse; a scorpion corpse You hit the scorpion.
Your bite misses the scorpion.
The scorpion is lightly wounded.
You are no longer berserk.
You are exhausted.
You feel yourself slow down. The scorpion barely misses you.
You hit the scorpion.
The scorpion is moderately wounded.
The scorpion stings you but does no damage.
You block the scorpion's attack.
You hit the scorpion but do no damage.
The scorpion is moderately wounded.
The scorpion stings you. The scorpion barely misses you.
You closely miss the scorpion.
The scorpion is moderately wounded.
The scorpion stings you.
You are poisoned.
The scorpion poisons you! The scorpion barely misses you.
You hit the scorpion but do no damage.
The scorpion is moderately wounded.
You feel very sick. The scorpion stings you. The scorpion stings you!
You hit the scorpion but do no damage.
The scorpion is moderately wounded.
You feel sick. The scorpion closely misses you. The scorpion stings you.
* * * LOW HITPOINT WARNING * * *
You hit the scorpion.
The scorpion is heavily wounded.
You feel sick. The scorpion stings you!
You die...

▓▓▓▓▓▓▓▓▓▓▓▓▓▓▓▓▓▓
+...ls@.....)...<▓
▓▓▓▓▓▓▓▓▓▓▓▓▓▓▓▓▓▓
∆∆∆∆∆∆∆∆∆∆


You could see a scorpion and an iguana.

Vanquished Creatures
  A phantom (D)
  A scorpion (D)
  A hound (D)
  A ball python (D)
  A goblin (D)
  A hobgoblin (D)
  2 rats (D)
8 creatures vanquished.

Notes
Turn   | Place    | Note
-------+----------+-------------------------------------------
     0 | D        | SmokeWeed the Gnoll Fighter began the quest for the Orb.
     0 | D        | Reached XP level 1. HP: 23/23 MP: 1/1
    17 | D        | Reached skill level 1 in Invocations
    18 | D        | Reached skill level 1 in Short Blades
    18 | D        | Reached skill level 1 in Axes
    18 | D        | Reached skill level 1 in Maces & Flails
    18 | D        | Reached skill level 1 in Polearms
    18 | D        | Reached skill level 1 in Staves
    18 | D        | Reached skill level 1 in Slings
    18 | D        | Reached skill level 1 in Bows
    18 | D        | Reached skill level 1 in Crossbows
    18 | D        | Reached skill level 1 in Throwing
    18 | D        | Reached skill level 1 in Dodging
    18 | D        | Reached skill level 1 in Stealth
    18 | D        | Reached skill level 1 in Unarmed Combat
    18 | D        | Reached skill level 1 in Spellcasting
    18 | D        | Reached skill level 1 in Evocations
    24 | D        | Noticed an iguana
    24 | D        | Noticed a scorpion
    24 | D        | Noticed a hound
    24 | D        | Noticed a phantom
    24 | D        | Noticed a scorpion
    27 | D        | Killed a scorpion
    28 | D        | Reached skill level 5 in Long Blades
    28 | D        | Reached XP level 2. HP: 31/31 MP: 3/5
    28 | D        | Reached XP level 3. HP: 36/36 MP: 3/6
    28 | D        | Reached XP level 4. HP: 43/43 MP: 3/7
    35 | D        | Killed a phantom
    36 | D        | Reached XP level 5. HP: 48/48 MP: 3/10
    45 | D        | Slain by a scorpion

Illustrated notes

Levels and vault maps discovered:
D:        linesprint [early_d, line_temple, items_1, d_10, items_2, lair_1,
          lair_end, items_3, orc_1, orc_end, items_4, d_15, swamp_1, shoals_1,
          snake_1, spider_1, d_20, vaults_1, items_5, swamp_end, shoals_end,
          snake_end, spider_end, vaults_end, d_27, items_6, zot_1, zot_end,
          crypt_end, forest_end, elf_end, slime_end, tomb_end, abyss_end,
          pan_hell_end]

Skill      XL: |  1  2  3  4  5 |
---------------+----------------+-----
Invocations    | 2 3 4 |  4.0
Short Blades   | 2 3 |  3.6
Axes           | 2 3 |  3.6
Maces & Flails | 2 3 |  3.6
Polearms       | 2 3 |  3.6
Staves         | 2 3 |  3.6
Slings         | 2 3 |  3.6
Bows           | 2 3 |  3.6
Crossbows      | 2 3 |  3.6
Throwing       | 2 3 |  3.6
Dodging        | 2 3 |  3.6
Stealth        | 2 3 |  3.6
Unarmed Combat | 2 3 |  3.6
Spellcasting   | 2 3 |  3.6
Evocations     | 2 3 |  3.6
Fighting       | 7 |  7.5
Long Blades    | 5 |  5.9
Armour         | 7 |  7.5
Shields        | 7 |  7.5
Conjurations   | 2 3 |  3.0
Hexes          | 2 3 |  3.0
Summonings     | 2 3 |  3.0
Necromancy     | 2 3 |  3.0
Translocations | 2 3 |  3.0
Transmutations | 2 3 |  3.0
Fire Magic     | 2 3 |  3.0
Ice Magic      | 2 3 |  3.0
Air Magic      | 2 3 |  3.0
Earth Magic    | 2 3 |  3.0
Poison Magic   | 2 3 |  3.0

Action                   |  1- 3 |  4- 6 || total
-------------------------+-------+-------++-------
Melee: Long sword        |    16 |    17 ||    33
       Bite              |       |     2 ||     2
  Use: Potion            |     1 |       ||     1
Armor: Scale mail        |     7 |     1 ||     8
Dodge: Dodged            |     2 |     6 ||     8
Block: Buckler           |     5 |     3 ||     8

Table legend: (Time is in decaauts)
 A = Elapsed time spent in this place.
 B = Non-inter-level travel time spent in this place.
 C = Inter-level travel time spent in this place.
 D = Time resting spent in this place.
 E = Time spent auto-exploring this place.
 F = Levels seen in this place.
 G = Mean time per level.
                   A        B        C        D        E       F      G
               +--------+--------+--------+--------+--------+-----+--------+
         Total |     47 |     47 |      0 |      0 |      0 |   1 |   47.0 |
       Dungeon |     47 |     47 |      0 |      0 |      0 |   1 |   47.0 |
               +--------+--------+--------+--------+--------+-----+--------+

Top non-repeatable levels by time:
       D: 47 daAuts
